[ PARTIDA AOE2 · #476890833 ]
Team RMMaya vs Ethiopians
[ ANÁLISIS DE REPETICIÓN · EXTRAÍDO DE LA PARTIDA GRABADA ]
Feudal
10:07
Castillos
23:04
Imperial
34:43
| APM promedio | 34.1 |
| APM pico | 56 |
| eAPM promedio | 17.6 |
| Aldeanos / militares | 104 / 158 |
Foco
⚔️ 40.9% · 🌾 59.1%
Plumed Archer ×61 · Skirmisher ×50 · Archer ×43 · Spearman ×2 · Monk ×2
Feudal
10:23
Castillos
23:08
Imperial
39:24
| APM promedio | 41.0 |
| APM pico | 108 |
| eAPM promedio | 18.8 |
| Aldeanos / militares | 91 / 112 |
Foco
⚔️ 37.0% · 🌾 63.0%
Archer ×86 · Spearman ×11 · Scorpion ×9 · Skirmisher ×6
Feudal
11:59
Castillos
17:53
Imperial
—
| APM promedio | 23.8 |
| APM pico | 55 |
| eAPM promedio | 12.3 |
| Aldeanos / militares | 105 / 84 |
Foco
⚔️ 29.3% · 🌾 70.7%
Chu Ko Nu ×41 · Knight ×20 · Iron Pagoda ×11 · Fire Lancer ×6 · Spearman ×5 · Battering Ram ×1
Feudal
14:20
Castillos
16:57
Imperial
31:41
| APM promedio | 26.0 |
| APM pico | 58 |
| eAPM promedio | 12.9 |
| Aldeanos / militares | 102 / 124 |
Foco
⚔️ 35.6% · 🌾 64.4%
Archer ×120 · Trebuchet (Packed) ×3 · Skirmisher ×1
Feudal
11:06
Castillos
17:12
Imperial
36:10
| APM promedio | 21.2 |
| APM pico | 56 |
| eAPM promedio | 13.9 |
| Aldeanos / militares | 110 / 165 |
Foco
⚔️ 39.6% · 🌾 60.4%
Knight ×104 · Skirmisher ×53 · Mangonel ×3 · Trebuchet (Packed) ×3 · Spearman ×1 · Monk ×1
Feudal
10:34
Castillos
19:02
Imperial
40:30
| APM promedio | 29.0 |
| APM pico | 66 |
| eAPM promedio | 13.7 |
| Aldeanos / militares | 150 / 71 |
Foco
⚔️ 22.0% · 🌾 78.0%
Mangudai ×43 · Scout Cavalry ×16 · Camel Scout ×7 · Spearman ×2 · Mangonel ×2 · Knight ×1
Mapa de la partida
Recursos al inicio + cada clic de construcción. Línea gruesa = muro · recuadro discontinuo = muro de casas detectado. 🟡 oro · ⚪ piedra · 🟢 bayas · 🔶 jabalí · ⭕ reliquia
Inputs por minuto
— İnce memed - - Rhum
Build order — İnce memed
Primeras 150 de 374 acciones detectadas
| 0:06 | Construir | Town Center |
| 1:12 | Crear | Villager (Male) |
| 1:13 | Crear | Villager (Male) |
| 1:13 | Crear | Villager (Male) |
| 1:16 | Construir | Lumber Camp |
| 2:12 | Crear | Villager (Male) |
| 2:49 | Crear | Villager (Male) |
| 2:58 | Construir | House |
| 3:00 | Crear | Villager (Male) |
| 3:22 | Construir | Mill |
| 3:44 | Crear | Villager (Male) |
| 4:00 | Crear | Villager (Male) |
| 4:08 | Crear | Villager (Male) |
| 4:58 | Crear | Villager (Male) |
| 5:07 | Crear | Villager (Male) |
| 5:23 | Crear | Villager (Male) |
| 5:55 | Crear | Villager (Male) |
| 6:32 | Construir | Lumber Camp |
| 6:42 | Crear | Villager (Male) |
| 6:43 | Crear | Villager (Male) |
| 6:58 | Construir | Mining Camp |
| 7:19 | Construir | House |
| 7:22 | Investigar | Loom |
| 7:29 | Investigar | Loom |
| 7:29 | Investigar | Feudal Age |
| 8:13 | Construir | Barracks |
| 10:07 | Edad | Edad Feudal |
| 10:10 | Construir | Archery Range |
| 10:14 | Construir | Archery Range |
| 10:19 | Investigar | Double-Bit Axe |
| 10:21 | Crear | Villager (Male) |
| 10:24 | Construir | Blacksmith |
| 11:00 | Crear | Villager (Male) |
| 11:00 | Crear | Villager (Male) |
| 11:14 | Investigar | Fletching |
| 11:20 | Crear | Archer |
| 11:20 | Crear | Archer |
| 11:20 | Crear | Archer |
| 11:20 | Crear | Archer |
| 11:21 | Crear | Archer |
| 11:21 | Crear | Archer |
| 11:21 | Crear | Archer |
| 11:29 | Crear | Villager (Male) |
| 12:02 | Construir | House |
| 12:22 | Crear | Villager (Male) |
| 12:24 | Crear | Villager (Male) |
| 12:41 | Crear | Skirmisher |
| 12:42 | Crear | Skirmisher |
| 12:42 | Crear | Skirmisher |
| 12:56 | Crear | Villager (Male) |
| 13:06 | Construir | House |
| 13:13 | Investigar | Town Watch |
| 13:21 | Construir | Farm |
| 13:26 | Construir | House |
| 13:28 | Construir | House |
| 13:44 | Crear | Villager (Male) |
| 13:45 | Crear | Villager (Male) |
| 13:45 | Crear | Villager (Male) |
| 13:46 | Crear | Skirmisher |
| 13:46 | Crear | Skirmisher |
| 14:09 | Crear | Villager (Male) |
| 14:20 | Construir | Palisade Wall |
| 14:25 | Crear | Spearman |
| 14:26 | Crear | Spearman |
| 15:03 | Crear | Villager (Male) |
| 15:06 | Construir | House |
| 15:07 | Construir | House |
| 15:23 | Crear | Villager (Male) |
| 15:47 | Crear | Villager (Male) |
| 15:49 | Construir | Farm |
| 15:50 | Construir | Farm |
| 15:50 | Construir | Farm |
| 15:50 | Construir | Farm |
| 15:50 | Construir | Farm |
| 15:50 | Construir | Farm |
| 16:35 | Construir | House |
| 16:37 | Crear | Villager (Male) |
| 16:39 | Crear | Archer |
| 16:39 | Crear | Archer |
| 16:39 | Crear | Archer |
| 16:39 | Crear | Archer |
| 16:40 | Crear | Archer |
| 16:43 | Construir | Farm |
| 16:43 | Construir | Farm |
| 16:43 | Construir | Farm |
| 16:44 | Construir | Farm |
| 16:44 | Construir | Farm |
| 16:44 | Construir | Farm |
| 16:48 | Construir | Farm |
| 16:48 | Construir | Farm |
| 16:57 | Crear | Skirmisher |
| 16:57 | Crear | Skirmisher |
| 16:57 | Crear | Skirmisher |
| 16:57 | Crear | Skirmisher |
| 17:06 | Construir | House |
| 17:09 | Construir | Farm |
| 17:29 | Crear | Villager (Male) |
| 17:29 | Crear | Villager (Male) |
| 17:36 | Construir | Farm |
| 17:39 | Construir | House |
| 17:40 | Crear | Villager (Male) |
| 17:51 | Crear | Archer |
| 17:51 | Crear | Archer |
| 17:53 | Crear | Archer |
| 17:53 | Crear | Archer |
| 18:03 | Construir | Farm |
| 18:14 | Crear | Villager (Male) |
| 18:28 | Construir | Farm |
| 18:30 | Crear | Villager (Male) |
| 18:33 | Construir | Market |
| 18:53 | Construir | Farm |
| 18:55 | Crear | Villager (Male) |
| 19:11 | Crear | Villager (Male) |
| 19:19 | Construir | Farm |
| 19:51 | Construir | Farm |
| 20:02 | Investigar | Castle Age |
| 20:16 | Construir | Farm |
| 20:25 | Crear | Archer |
| 20:25 | Crear | Archer |
| 20:25 | Crear | Archer |
| 20:26 | Crear | Archer |
| 20:26 | Crear | Archer |
| 20:41 | Construir | Farm |
| 20:43 | Crear | Villager (Male) |
| 20:55 | Investigar | Padded Archer Armor |
| 20:57 | Construir | House |
| 21:35 | Investigar | Gold Mining |
| 21:58 | Crear | Villager (Male) |
| 22:09 | Crear | Villager (Male) |
| 22:18 | Crear | Archer |
| 22:18 | Crear | Archer |
| 22:18 | Crear | Archer |
| 22:19 | Crear | Archer |
| 22:19 | Crear | Archer |
| 22:31 | Construir | Archery Range |
| 22:41 | Crear | Villager (Male) |
| 22:56 | Crear | Villager (Male) |
| 23:04 | Edad | Edad de los Castillos |
| 23:08 | Crear | Villager (Male) |
| 23:10 | Investigar | Crossbowman (upgrade) |
| 23:25 | Investigar | Bodkin Arrow |
| 23:38 | Construir | Farm |
| 24:07 | Investigar | Leather Archer Armor |
| 24:31 | Crear | Villager (Male) |
| 24:37 | Construir | University |
| 24:51 | Crear | Archer |
| 24:52 | Crear | Archer |
| 24:52 | Crear | Archer |
| 24:52 | Crear | Archer |
| 24:52 | Crear | Archer |
Build order — Rhum
Primeras 150 de 342 acciones detectadas
| 0:32 | Construir | Town Center |
| 1:43 | Crear | Villager (Male) |
| 1:44 | Crear | Villager (Male) |
| 1:44 | Crear | Villager (Male) |
| 2:01 | Crear | Villager (Male) |
| 2:01 | Crear | Villager (Male) |
| 2:59 | Investigar | Loom |
| 2:59 | Investigar | Loom |
| 3:04 | Crear | Villager (Male) |
| 3:04 | Crear | Villager (Male) |
| 3:08 | Crear | Villager (Male) |
| 3:09 | Crear | Villager (Male) |
| 3:09 | Crear | Villager (Male) |
| 3:23 | Crear | Villager (Male) |
| 3:23 | Crear | Villager (Male) |
| 4:38 | Construir | Mill |
| 4:48 | Crear | Villager (Male) |
| 4:49 | Crear | Villager (Male) |
| 4:49 | Crear | Villager (Male) |
| 5:45 | Construir | Mill |
| 6:07 | Crear | Villager (Male) |
| 6:08 | Crear | Villager (Male) |
| 6:08 | Crear | Villager (Male) |
| 6:10 | Crear | Villager (Male) |
| 6:29 | Construir | House |
| 6:35 | Construir | House |
| 6:45 | Crear | Villager (Male) |
| 7:01 | Construir | Lumber Camp |
| 8:09 | Investigar | Feudal Age |
| 8:10 | Investigar | Feudal Age |
| 8:10 | Investigar | Feudal Age |
| 9:03 | Construir | Barracks |
| 9:37 | Crear | Villager (Male) |
| 9:37 | Crear | Villager (Male) |
| 9:44 | Construir | House |
| 9:55 | Construir | Palisade Wall |
| 9:59 | Construir | House |
| 10:23 | Edad | Edad Feudal |
| 10:27 | Construir | Archery Range |
| 10:41 | Crear | Spearman |
| 10:51 | Crear | Villager (Male) |
| 11:02 | Construir | Palisade Wall |
| 11:02 | Construir | Palisade Wall |
| 11:23 | Construir | Archery Range |
| 12:04 | Crear | Villager (Male) |
| 12:04 | Crear | Villager (Male) |
| 12:12 | Construir | Mill |
| 12:19 | Crear | Villager (Male) |
| 12:20 | Crear | Villager (Male) |
| 12:29 | Construir | House |
| 12:38 | Crear | Archer |
| 12:38 | Crear | Archer |
| 13:05 | Construir | Mill |
| 13:14 | Crear | Villager (Male) |
| 13:14 | Crear | Villager (Male) |
| 13:18 | Crear | Villager (Male) |
| 13:23 | Crear | Archer |
| 13:24 | Crear | Archer |
| 13:45 | Crear | Archer |
| 13:45 | Crear | Archer |
| 13:50 | Crear | Archer |
| 13:57 | Crear | Spearman |
| 14:21 | Crear | Archer |
| 14:21 | Crear | Archer |
| 14:33 | Crear | Archer |
| 14:33 | Crear | Archer |
| 14:55 | Construir | House |
| 14:56 | Construir | House |
| 14:59 | Construir | House |
| 15:06 | Crear | Skirmisher |
| 15:06 | Crear | Skirmisher |
| 15:39 | Investigar | Wheelbarrow |
| 15:48 | Crear | Skirmisher |
| 15:48 | Crear | Skirmisher |
| 16:12 | Crear | Archer |
| 16:13 | Crear | Archer |
| 16:20 | Crear | Villager (Male) |
| 16:20 | Crear | Villager (Male) |
| 16:40 | Crear | Archer |
| 16:40 | Crear | Archer |
| 16:43 | Crear | Villager (Male) |
| 17:06 | Construir | Blacksmith |
| 17:22 | Crear | Archer |
| 17:32 | Crear | Archer |
| 17:33 | Crear | Archer |
| 17:48 | Investigar | Fletching |
| 17:48 | Investigar | Fletching |
| 17:52 | Crear | Villager (Male) |
| 18:03 | Crear | Archer |
| 18:03 | Crear | Archer |
| 18:04 | Crear | Villager (Male) |
| 18:08 | Investigar | Padded Archer Armor |
| 18:08 | Investigar | Padded Archer Armor |
| 18:56 | Crear | Archer |
| 18:56 | Crear | Archer |
| 18:58 | Crear | Spearman |
| 19:03 | Construir | House |
| 19:04 | Construir | House |
| 19:12 | Construir | House |
| 19:13 | Construir | House |
| 19:14 | Construir | House |
| 19:25 | Construir | Market |
| 19:32 | Construir | Market |
| 19:37 | Construir | Palisade Gate |
| 19:39 | Construir | Palisade Wall |
| 19:45 | Construir | House |
| 19:49 | Construir | House |
| 19:51 | Crear | Archer |
| 19:51 | Crear | Archer |
| 19:53 | Crear | Villager (Male) |
| 20:15 | Construir | House |
| 20:18 | Crear | Archer |
| 20:28 | Investigar | Castle Age |
| 20:28 | Investigar | Castle Age |
| 20:29 | Investigar | Castle Age |
| 20:34 | Crear | Archer |
| 21:00 | Crear | Archer |
| 21:00 | Crear | Archer |
| 21:10 | Crear | Spearman |
| 21:24 | Construir | Building 796 |
| 21:26 | Construir | Palisade Wall |
| 21:40 | Crear | Skirmisher |
| 21:41 | Crear | Skirmisher |
| 21:52 | Construir | Mill |
| 22:11 | Crear | Archer |
| 22:11 | Crear | Archer |
| 22:12 | Crear | Spearman |
| 22:26 | Construir | Palisade Gate |
| 22:33 | Crear | Spearman |
| 22:44 | Construir | Palisade Gate |
| 22:50 | Construir | Palisade Gate |
| 22:56 | Construir | Lumber Camp |
| 23:06 | Crear | Spearman |
| 23:06 | Crear | Spearman |
| 23:08 | Edad | Edad de los Castillos |
| 23:36 | Investigar | Crossbowman (upgrade) |
| 23:37 | Investigar | Crossbowman (upgrade) |
| 23:51 | Construir | House |
| 24:15 | Crear | Archer |
| 24:15 | Crear | Archer |
| 24:15 | Crear | Archer |
| 24:20 | Construir | Palisade Wall |
| 24:22 | Construir | Palisade Wall |
| 24:41 | Construir | Farm |
| 24:41 | Construir | Farm |
| 24:41 | Construir | Farm |
| 24:42 | Construir | Farm |
| 24:42 | Construir | Farm |
| 24:42 | Construir | Farm |
| 25:07 | Construir | House |
Build order — Aygıt Kocaman
Primeras 150 de 283 acciones detectadas
| 0:08 | Construir | Town Center |
| 1:56 | Crear | Villager (Male) |
| 1:56 | Crear | Villager (Male) |
| 2:36 | Construir | Lumber Camp |
| 2:47 | Crear | Villager (Male) |
| 2:47 | Crear | Villager (Male) |
| 2:47 | Crear | Villager (Male) |
| 3:18 | Crear | Villager (Male) |
| 3:18 | Crear | Villager (Male) |
| 3:40 | Crear | Villager (Male) |
| 3:40 | Crear | Villager (Male) |
| 4:33 | Crear | Villager (Male) |
| 4:33 | Crear | Villager (Male) |
| 4:35 | Crear | Villager (Male) |
| 5:33 | Crear | Villager (Male) |
| 6:25 | Crear | Villager (Male) |
| 6:26 | Crear | Villager (Male) |
| 6:27 | Crear | Villager (Male) |
| 7:31 | Crear | Villager (Male) |
| 7:35 | Construir | Mill |
| 8:15 | Crear | Villager (Male) |
| 8:16 | Crear | Villager (Male) |
| 8:36 | Construir | Barracks |
| 9:24 | Crear | Villager (Male) |
| 9:40 | Construir | Mining Camp |
| 9:44 | Investigar | Feudal Age |
| 10:09 | Construir | Mill |
| 11:30 | Investigar | Loom |
| 11:59 | Edad | Edad Feudal |
| 12:05 | Crear | Villager (Male) |
| 12:06 | Crear | Villager (Male) |
| 12:27 | Crear | Spearman |
| 12:27 | Crear | Spearman |
| 12:27 | Crear | Spearman |
| 12:53 | Construir | Market |
| 13:03 | Construir | House |
| 13:20 | Crear | Spearman |
| 13:28 | Crear | Villager (Male) |
| 13:28 | Crear | Villager (Male) |
| 14:49 | Construir | Stable |
| 15:12 | Construir | Blacksmith |
| 15:13 | Investigar | Castle Age |
| 15:32 | Construir | House |
| 15:34 | Construir | House |
| 16:04 | Construir | Farm |
| 16:04 | Construir | Farm |
| 16:15 | Investigar | Double-Bit Axe |
| 16:54 | Crear | Spearman |
| 17:53 | Edad | Edad de los Castillos |
| 18:01 | Construir | Town Center |
| 18:07 | Crear | Villager (Male) |
| 18:10 | Investigar | Wheelbarrow |
| 18:12 | Investigar | Horse Collar |
| 18:18 | Crear | Knight |
| 18:18 | Crear | Knight |
| 18:22 | Crear | Knight |
| 18:25 | Crear | Fire Lancer |
| 18:26 | Crear | Fire Lancer |
| 18:26 | Crear | Fire Lancer |
| 19:02 | Crear | Villager (Male) |
| 19:02 | Crear | Villager (Male) |
| 19:10 | Crear | Villager (Male) |
| 19:17 | Construir | Stable |
| 19:30 | Construir | Farm |
| 19:40 | Construir | Farm |
| 19:54 | Construir | Farm |
| 20:12 | Construir | Farm |
| 20:16 | Construir | Farm |
| 20:49 | Construir | Mining Camp |
| 20:58 | Construir | Farm |
| 21:04 | Crear | Knight |
| 21:42 | Crear | Villager (Male) |
| 21:42 | Crear | Villager (Male) |
| 21:47 | Crear | Villager (Male) |
| 21:48 | Crear | Villager (Male) |
| 22:13 | Construir | Farm |
| 22:15 | Construir | Farm |
| 22:16 | Crear | Villager (Male) |
| 22:22 | Crear | Fire Lancer |
| 22:23 | Crear | Fire Lancer |
| 22:24 | Crear | Fire Lancer |
| 23:20 | Crear | Knight |
| 23:20 | Crear | Knight |
| 23:20 | Crear | Knight |
| 23:20 | Crear | Knight |
| 23:20 | Crear | Knight |
| 23:21 | Crear | Knight |
| 24:16 | Construir | Siege Workshop |
| 25:06 | Crear | Iron Pagoda |
| 27:16 | Crear | Knight |
| 27:16 | Crear | Knight |
| 27:24 | Crear | Villager (Male) |
| 27:25 | Crear | Villager (Male) |
| 27:25 | Crear | Villager (Male) |
| 27:53 | Crear | Knight |
| 27:53 | Crear | Knight |
| 28:01 | Crear | Villager (Male) |
| 28:01 | Crear | Villager (Male) |
| 28:41 | Construir | Farm |
| 28:43 | Construir | Farm |
| 28:46 | Construir | Farm |
| 28:47 | Crear | Villager (Male) |
| 28:47 | Crear | Villager (Male) |
| 29:09 | Crear | Villager (Male) |
| 29:09 | Crear | Villager (Male) |
| 29:55 | Crear | Villager (Male) |
| 29:56 | Crear | Villager (Male) |
| 29:56 | Crear | Villager (Male) |
| 30:00 | Construir | Mining Camp |
| 30:05 | Investigar | Gold Mining |
| 30:05 | Investigar | Stone Mining |
| 31:11 | Investigar | Hand Cart |
| 31:12 | Investigar | Town Watch |
| 31:28 | Construir | Castle |
| 31:34 | Crear | Villager (Male) |
| 31:34 | Crear | Villager (Male) |
| 31:40 | Crear | Iron Pagoda |
| 31:40 | Crear | Iron Pagoda |
| 31:53 | Crear | Villager (Male) |
| 32:03 | Crear | Knight |
| 32:04 | Crear | Knight |
| 32:10 | Crear | Villager (Male) |
| 32:10 | Crear | Villager (Male) |
| 32:32 | Construir | Barracks |
| 32:36 | Crear | Villager (Male) |
| 32:48 | Construir | Lumber Camp |
| 32:52 | Crear | Villager (Male) |
| 32:52 | Crear | Villager (Male) |
| 32:53 | Crear | Villager (Male) |
| 32:53 | Crear | Villager (Male) |
| 32:57 | Construir | Farm |
| 33:16 | Construir | Farm |
| 33:28 | Crear | Villager (Male) |
| 33:33 | Construir | Farm |
| 33:34 | Crear | Villager (Male) |
| 33:35 | Crear | Villager (Male) |
| 33:38 | Construir | Farm |
| 33:39 | Crear | Villager (Male) |
| 33:59 | Crear | Knight |
| 33:59 | Crear | Knight |
| 34:06 | Construir | Farm |
| 34:09 | Crear | Villager (Male) |
| 34:09 | Crear | Villager (Male) |
| 34:20 | Crear | Villager (Male) |
| 34:21 | Crear | Villager (Male) |
| 34:28 | Crear | Knight |
| 34:28 | Crear | Knight |
| 34:59 | Construir | Farm |
| 34:59 | Construir | Farm |
| 35:00 | Crear | Villager (Male) |
Build order — jonny_dear
Primeras 150 de 327 acciones detectadas
| 0:40 | Construir | Town Center |
| 2:01 | Crear | Villager (Male) |
| 2:08 | Crear | Villager (Male) |
| 2:16 | Crear | Villager (Male) |
| 2:16 | Crear | Villager (Male) |
| 2:16 | Crear | Villager (Male) |
| 2:42 | Crear | Villager (Male) |
| 3:38 | Crear | Villager (Male) |
| 3:38 | Crear | Villager (Male) |
| 3:50 | Crear | Villager (Male) |
| 4:26 | Crear | Villager (Male) |
| 4:51 | Crear | Villager (Male) |
| 5:30 | Construir | Mill |
| 5:52 | Crear | Villager (Male) |
| 5:56 | Crear | Villager (Male) |
| 5:57 | Crear | Villager (Male) |
| 6:31 | Crear | Villager (Male) |
| 6:31 | Crear | Villager (Male) |
| 6:35 | Crear | Villager (Male) |
| 7:00 | Construir | House |
| 7:01 | Construir | House |
| 7:10 | Investigar | Loom |
| 7:15 | Crear | Villager (Male) |
| 7:21 | Crear | Villager (Male) |
| 7:30 | Construir | House |
| 7:33 | Crear | Villager (Male) |
| 7:36 | Crear | Villager (Male) |
| 7:47 | Crear | Villager (Male) |
| 8:00 | Crear | Villager (Male) |
| 8:11 | Construir | Lumber Camp |
| 8:25 | Crear | Villager (Male) |
| 8:48 | Construir | Palisade Wall |
| 8:59 | Crear | Villager (Male) |
| 9:25 | Construir | House |
| 9:54 | Construir | House |
| 9:58 | Construir | House |
| 10:02 | Construir | House |
| 10:07 | Crear | Villager (Male) |
| 10:39 | Construir | Farm |
| 10:41 | Construir | Farm |
| 10:45 | Construir | Farm |
| 10:47 | Crear | Villager (Male) |
| 11:07 | Construir | Farm |
| 11:46 | Construir | Mining Camp |
| 12:11 | Crear | Villager (Male) |
| 12:37 | Crear | Villager (Male) |
| 12:50 | Investigar | Feudal Age |
| 13:06 | Crear | Villager (Male) |
| 13:35 | Construir | House |
| 13:41 | Construir | Farm |
| 13:45 | Construir | Farm |
| 13:48 | Construir | Farm |
| 14:20 | Edad | Edad Feudal |
| 14:27 | Construir | Market |
| 14:35 | Construir | Blacksmith |
| 14:46 | Crear | Villager (Male) |
| 14:54 | Construir | Farm |
| 14:56 | Construir | Farm |
| 14:58 | Construir | Farm |
| 15:21 | Investigar | Castle Age |
| 15:37 | Construir | Barracks |
| 15:52 | Construir | House |
| 15:54 | Construir | House |
| 15:55 | Construir | House |
| 15:59 | Investigar | Double-Bit Axe |
| 16:39 | Construir | Archery Range |
| 16:41 | Construir | Archery Range |
| 16:55 | Investigar | Gold Mining |
| 16:57 | Edad | Edad de los Castillos |
| 17:17 | Crear | Villager (Male) |
| 17:22 | Crear | Archer |
| 17:43 | Crear | Villager (Male) |
| 17:47 | Construir | Town Center |
| 17:58 | Crear | Archer |
| 17:58 | Crear | Archer |
| 18:00 | Crear | Villager (Male) |
| 18:20 | Crear | Archer |
| 18:20 | Crear | Archer |
| 18:28 | Crear | Villager (Male) |
| 18:38 | Crear | Archer |
| 18:39 | Crear | Archer |
| 18:39 | Crear | Archer |
| 18:49 | Crear | Villager (Male) |
| 19:03 | Crear | Villager (Male) |
| 19:04 | Crear | Archer |
| 19:05 | Crear | Archer |
| 19:27 | Crear | Archer |
| 19:27 | Crear | Archer |
| 19:31 | Investigar | Fletching |
| 19:37 | Crear | Villager (Male) |
| 19:38 | Crear | Villager (Male) |
| 19:38 | Crear | Villager (Male) |
| 19:51 | Crear | Villager (Male) |
| 19:55 | Construir | Mining Camp |
| 19:56 | Crear | Archer |
| 20:14 | Construir | Farm |
| 20:24 | Crear | Archer |
| 20:24 | Crear | Archer |
| 20:28 | Crear | Archer |
| 20:42 | Crear | Archer |
| 20:42 | Crear | Archer |
| 20:45 | Crear | Villager (Male) |
| 20:46 | Crear | Villager (Male) |
| 20:54 | Construir | Lumber Camp |
| 21:11 | Investigar | Crossbowman (upgrade) |
| 21:14 | Crear | Villager (Male) |
| 21:15 | Crear | Villager (Male) |
| 21:15 | Crear | Villager (Male) |
| 21:28 | Crear | Archer |
| 21:29 | Crear | Archer |
| 21:52 | Investigar | Bodkin Arrow |
| 21:57 | Construir | Farm |
| 21:58 | Construir | Farm |
| 21:59 | Construir | Farm |
| 22:00 | Crear | Villager (Male) |
| 22:06 | Crear | Archer |
| 22:06 | Crear | Archer |
| 22:07 | Crear | Archer |
| 22:18 | Construir | Archery Range |
| 22:25 | Crear | Archer |
| 22:25 | Crear | Archer |
| 22:30 | Investigar | Padded Archer Armor |
| 22:32 | Crear | Villager (Male) |
| 22:33 | Crear | Villager (Male) |
| 22:46 | Crear | Archer |
| 22:46 | Crear | Archer |
| 22:49 | Crear | Villager (Male) |
| 22:49 | Crear | Villager (Male) |
| 23:02 | Crear | Villager (Male) |
| 23:03 | Crear | Villager (Male) |
| 23:10 | Crear | Archer |
| 23:11 | Crear | Archer |
| 23:20 | Construir | Farm |
| 23:45 | Crear | Archer |
| 23:46 | Crear | Archer |
| 23:55 | Construir | Mining Camp |
| 24:00 | Crear | Archer |
| 24:00 | Crear | Archer |
| 24:02 | Crear | Villager (Male) |
| 24:15 | Construir | Farm |
| 24:19 | Construir | Farm |
| 24:26 | Crear | Archer |
| 24:26 | Crear | Archer |
| 24:29 | Construir | Mining Camp |
| 24:38 | Crear | Villager (Male) |
| 24:43 | Construir | House |
| 24:44 | Construir | House |
| 24:45 | Construir | Farm |
| 24:47 | Construir | Farm |
| 24:48 | Construir | Farm |
Build order — jrOFA
Primeras 150 de 394 acciones detectadas
| 0:08 | Construir | Town Center |
| 0:20 | Construir | House |
| 0:21 | Construir | House |
| 0:23 | Construir | House |
| 0:24 | Construir | House |
| 0:35 | Construir | Lumber Camp |
| 1:26 | Crear | Villager (Male) |
| 1:27 | Crear | Villager (Male) |
| 1:27 | Crear | Villager (Male) |
| 1:27 | Crear | Villager (Male) |
| 2:31 | Crear | Villager (Male) |
| 2:31 | Crear | Villager (Male) |
| 2:58 | Crear | Villager (Male) |
| 2:58 | Crear | Villager (Male) |
| 3:23 | Crear | Villager (Male) |
| 3:24 | Crear | Villager (Male) |
| 3:24 | Crear | Villager (Male) |
| 3:43 | Crear | Villager (Male) |
| 4:26 | Crear | Villager (Male) |
| 4:26 | Crear | Villager (Male) |
| 4:38 | Construir | Mill |
| 5:07 | Crear | Villager (Male) |
| 5:43 | Crear | Villager (Male) |
| 5:44 | Crear | Villager (Male) |
| 6:04 | Crear | Villager (Male) |
| 6:19 | Construir | Mill |
| 6:55 | Crear | Villager (Male) |
| 7:20 | Crear | Villager (Male) |
| 7:21 | Crear | Villager (Male) |
| 8:14 | Investigar | Loom |
| 8:47 | Investigar | Feudal Age |
| 9:46 | Construir | Mill |
| 10:22 | Crear | Villager (Male) |
| 10:22 | Crear | Villager (Male) |
| 10:23 | Crear | Villager (Male) |
| 10:23 | Crear | Villager (Male) |
| 11:06 | Edad | Edad Feudal |
| 11:16 | Construir | Market |
| 11:21 | Construir | Barracks |
| 12:16 | Crear | Villager (Male) |
| 12:38 | Construir | Stable |
| 12:49 | Crear | Villager (Male) |
| 13:17 | Investigar | Wheelbarrow |
| 13:56 | Construir | Mill |
| 13:59 | Investigar | Castle Age |
| 14:00 | Crear | Villager (Male) |
| 14:23 | Crear | Villager (Male) |
| 14:23 | Crear | Villager (Male) |
| 14:28 | Crear | Spearman |
| 14:51 | Crear | Villager (Male) |
| 15:25 | Investigar | Double-Bit Axe |
| 16:57 | Construir | Stable |
| 17:12 | Edad | Edad de los Castillos |
| 17:16 | Investigar | Cavalier (upgrade) |
| 17:16 | Investigar | Husbandry |
| 18:04 | Construir | Blacksmith |
| 18:06 | Crear | Knight |
| 18:06 | Crear | Knight |
| 18:07 | Crear | Knight |
| 18:07 | Crear | Knight |
| 18:07 | Crear | Knight |
| 18:11 | Crear | Villager (Male) |
| 18:12 | Crear | Villager (Male) |
| 18:23 | Crear | Knight |
| 18:23 | Crear | Knight |
| 19:00 | Crear | Villager (Male) |
| 19:01 | Crear | Villager (Male) |
| 19:16 | Crear | Knight |
| 19:17 | Crear | Knight |
| 19:17 | Crear | Knight |
| 19:17 | Crear | Knight |
| 19:27 | Construir | Farm |
| 19:34 | Construir | Town Center |
| 19:43 | Crear | Knight |
| 19:43 | Crear | Knight |
| 19:43 | Crear | Knight |
| 19:43 | Crear | Knight |
| 19:45 | Construir | Farm |
| 19:48 | Construir | Farm |
| 20:01 | Construir | House |
| 20:02 | Construir | House |
| 20:03 | Construir | House |
| 20:07 | Crear | Knight |
| 20:07 | Crear | Knight |
| 20:07 | Crear | Knight |
| 20:07 | Crear | Knight |
| 20:25 | Construir | Farm |
| 20:25 | Construir | Farm |
| 20:27 | Construir | Farm |
| 20:28 | Construir | Farm |
| 20:29 | Construir | Farm |
| 20:31 | Crear | Villager (Male) |
| 20:31 | Crear | Villager (Male) |
| 20:42 | Investigar | Scale Barding Armor |
| 20:45 | Crear | Knight |
| 20:45 | Crear | Knight |
| 20:46 | Crear | Knight |
| 21:05 | Construir | Farm |
| 21:06 | Crear | Villager (Male) |
| 21:30 | Construir | Farm |
| 21:31 | Crear | Villager (Male) |
| 21:33 | Crear | Villager (Male) |
| 21:33 | Crear | Villager (Male) |
| 21:33 | Crear | Villager (Male) |
| 21:49 | Construir | Farm |
| 21:50 | Construir | Farm |
| 21:52 | Construir | Farm |
| 21:52 | Construir | Farm |
| 21:55 | Crear | Villager (Male) |
| 21:58 | Construir | Farm |
| 22:22 | Construir | Farm |
| 22:26 | Crear | Villager (Male) |
| 22:26 | Crear | Villager (Male) |
| 22:26 | Crear | Villager (Male) |
| 23:14 | Construir | Farm |
| 23:40 | Construir | Farm |
| 23:43 | Crear | Knight |
| 23:43 | Crear | Knight |
| 23:43 | Crear | Knight |
| 23:43 | Crear | Knight |
| 23:43 | Crear | Knight |
| 23:43 | Crear | Knight |
| 23:44 | Crear | Knight |
| 23:44 | Crear | Knight |
| 23:46 | Crear | Villager (Male) |
| 24:09 | Construir | Siege Workshop |
| 24:32 | Construir | Farm |
| 24:34 | Crear | Villager (Male) |
| 24:35 | Crear | Villager (Male) |
| 24:37 | Crear | Villager (Male) |
| 24:38 | Crear | Villager (Male) |
| 24:38 | Crear | Villager (Male) |
| 24:44 | Crear | Villager (Male) |
| 24:47 | Crear | Knight |
| 24:47 | Crear | Knight |
| 24:47 | Crear | Knight |
| 24:47 | Crear | Knight |
| 25:04 | Construir | Farm |
| 25:06 | Crear | Villager (Male) |
| 25:08 | Crear | Villager (Male) |
| 25:09 | Crear | Mangonel |
| 25:13 | Construir | Farm |
| 25:36 | Construir | House |
| 25:37 | Construir | House |
| 25:38 | Construir | House |
| 25:39 | Construir | House |
| 26:14 | Construir | Mining Camp |
| 26:15 | Crear | Villager (Male) |
| 26:35 | Investigar | Bow Saw |
| 26:36 | Investigar | Horse Collar |
Build order — La Sainte Bifle
Primeras 150 de 372 acciones detectadas
| 0:20 | Construir | Town Center |
| 1:24 | Crear | Villager (Male) |
| 1:24 | Crear | Villager (Male) |
| 1:24 | Crear | Villager (Male) |
| 2:11 | Crear | Villager (Male) |
| 2:11 | Crear | Villager (Male) |
| 2:48 | Crear | Villager (Male) |
| 3:02 | Crear | Villager (Male) |
| 3:55 | Crear | Villager (Male) |
| 4:22 | Construir | Mill |
| 4:26 | Crear | Villager (Male) |
| 5:01 | Construir | Mill |
| 5:03 | Crear | Villager (Male) |
| 5:03 | Crear | Villager (Male) |
| 5:29 | Crear | Villager (Male) |
| 6:29 | Crear | Villager (Male) |
| 6:31 | Crear | Villager (Male) |
| 6:36 | Investigar | Loom |
| 6:59 | Crear | Villager (Male) |
| 7:47 | Crear | Villager (Male) |
| 8:01 | Construir | Lumber Camp |
| 8:24 | Investigar | Feudal Age |
| 8:25 | Investigar | Feudal Age |
| 8:47 | Crear | Villager (Male) |
| 9:57 | Construir | Barracks |
| 10:21 | Construir | House |
| 10:31 | Crear | Villager (Male) |
| 10:34 | Edad | Edad Feudal |
| 11:06 | Crear | Villager (Male) |
| 11:28 | Construir | Stable |
| 11:45 | Crear | Spearman |
| 12:20 | Crear | Villager (Male) |
| 12:24 | Crear | Scout Cavalry |
| 12:24 | Crear | Scout Cavalry |
| 12:24 | Crear | Scout Cavalry |
| 12:28 | Construir | House |
| 12:37 | Construir | House |
| 12:41 | Crear | Villager (Male) |
| 12:45 | Investigar | Double-Bit Axe |
| 12:49 | Construir | House |
| 12:59 | Crear | Spearman |
| 13:25 | Crear | Villager (Male) |
| 13:38 | Construir | Blacksmith |
| 13:42 | Construir | House |
| 13:44 | Construir | Palisade Wall |
| 13:50 | Crear | Villager (Male) |
| 13:53 | Crear | Scout Cavalry |
| 15:11 | Investigar | Scale Barding Armor |
| 15:40 | Crear | Villager (Male) |
| 16:22 | Investigar | Castle Age |
| 16:40 | Crear | Scout Cavalry |
| 17:30 | Construir | Archery Range |
| 17:42 | Crear | Scout Cavalry |
| 18:29 | Crear | Villager (Male) |
| 18:41 | Investigar | Fletching |
| 18:50 | Construir | Farm |
| 18:50 | Construir | Farm |
| 18:51 | Construir | Farm |
| 19:02 | Edad | Edad de los Castillos |
| 19:17 | Construir | Town Center |
| 19:22 | Crear | Villager (Male) |
| 19:22 | Crear | Villager (Male) |
| 19:34 | Construir | Farm |
| 19:37 | Construir | Farm |
| 19:40 | Construir | Farm |
| 20:05 | Crear | Villager (Male) |
| 20:14 | Construir | Mining Camp |
| 20:28 | Crear | Villager (Male) |
| 20:29 | Crear | Villager (Male) |
| 20:36 | Construir | Town Center |
| 21:04 | Investigar | Stone Mining |
| 21:33 | Crear | Villager (Male) |
| 21:35 | Crear | Villager (Male) |
| 22:03 | Crear | Villager (Male) |
| 22:04 | Crear | Villager (Male) |
| 22:13 | Construir | Farm |
| 22:16 | Construir | Farm |
| 22:21 | Construir | Farm |
| 22:36 | Construir | Siege Workshop |
| 23:03 | Crear | Mangonel |
| 23:24 | Crear | Villager (Male) |
| 23:24 | Crear | Villager (Male) |
| 23:47 | Construir | Castle |
| 23:59 | Crear | Knight |
| 24:06 | Crear | Mangonel |
| 24:28 | Investigar | Bloodlines |
| 24:31 | Crear | Villager (Male) |
| 24:39 | Construir | Farm |
| 24:40 | Construir | Farm |
| 24:40 | Construir | Farm |
| 24:40 | Construir | Farm |
| 24:41 | Construir | Farm |
| 24:55 | Construir | Mill |
| 25:20 | Crear | Villager (Male) |
| 25:20 | Crear | Villager (Male) |
| 25:21 | Crear | Villager (Male) |
| 25:22 | Crear | Villager (Male) |
| 25:24 | Construir | Farm |
| 25:32 | Construir | Farm |
| 25:38 | Construir | Farm |
| 25:42 | Crear | Mangudai |
| 26:13 | Construir | Building 490 |
| 26:15 | Construir | Stone Wall |
| 26:17 | Construir | Stone Wall |
| 26:23 | Construir | House |
| 26:26 | Construir | House |
| 26:53 | Construir | Building 665 |
| 26:58 | Crear | Villager (Male) |
| 26:58 | Crear | Villager (Male) |
| 27:08 | Crear | Villager (Male) |
| 27:09 | Crear | Villager (Male) |
| 27:09 | Crear | Villager (Male) |
| 27:16 | Investigar | Gold Mining |
| 27:30 | Construir | Town Center |
| 27:33 | Crear | Villager (Male) |
| 27:33 | Crear | Villager (Male) |
| 27:37 | Crear | Villager (Male) |
| 27:39 | Crear | Villager (Male) |
| 27:40 | Crear | Villager (Male) |
| 27:48 | Construir | Farm |
| 27:53 | Investigar | Horse Collar |
| 27:54 | Crear | Mangudai |
| 27:55 | Crear | Mangudai |
| 28:26 | Investigar | Bodkin Arrow |
| 28:49 | Crear | Mangudai |
| 28:50 | Crear | Mangudai |
| 28:53 | Crear | Villager (Male) |
| 28:53 | Crear | Villager (Male) |
| 28:53 | Crear | Villager (Male) |
| 28:54 | Crear | Villager (Male) |
| 28:54 | Crear | Villager (Male) |
| 29:24 | Crear | Villager (Male) |
| 29:24 | Crear | Villager (Male) |
| 29:25 | Crear | Villager (Male) |
| 29:35 | Construir | University |
| 29:42 | Crear | Villager (Male) |
| 29:42 | Crear | Villager (Male) |
| 29:42 | Crear | Villager (Male) |
| 29:43 | Crear | Villager (Male) |
| 29:43 | Crear | Villager (Male) |
| 29:44 | Crear | Mangudai |
| 29:46 | Crear | Mangudai |
| 29:48 | Investigar | Padded Archer Armor |
| 29:56 | Crear | Villager (Male) |
| 29:56 | Crear | Villager (Male) |
| 29:56 | Crear | Villager (Male) |
| 30:14 | Crear | Villager (Male) |
| 30:14 | Crear | Villager (Male) |
| 30:15 | Crear | Villager (Male) |
| 30:33 | Crear | Villager (Male) |
Cronología de la partida
| 8:13 | İnce memed · first_building Barracks |
| 8:36 | Aygıt Kocaman · first_building Barracks |
| 8:48 | jonny_dear · wall_segment Palisade Wall x3 |
| 9:03 | Rhum · first_building Barracks |
| 9:55 | Rhum · wall_segment Palisade Wall x2 |
| 9:57 | La Sainte Bifle · first_building Barracks |
| 10:07 | İnce memed · age_up feudal |
| 10:10 | İnce memed · first_building Archery Range |
| 10:23 | Rhum · age_up feudal |
| 10:27 | Rhum · first_building Archery Range |
| 10:34 | La Sainte Bifle · age_up feudal |
| 11:02 | Rhum · wall_segment Palisade Wall x1 |
| 11:02 | Rhum · wall_segment Palisade Wall x1 |
| 11:06 | jrOFA · age_up feudal |
| 11:21 | jrOFA · first_building Barracks |
| 11:28 | La Sainte Bifle · first_building Stable |
| 11:59 | Aygıt Kocaman · age_up feudal |
| 12:38 | jrOFA · first_building Stable |
| 13:44 | La Sainte Bifle · wall_segment Palisade Wall x1 |
| 14:20 | İnce memed · wall_segment Palisade Wall x1 |
| 14:20 | jonny_dear · age_up feudal |
| 14:49 | Aygıt Kocaman · first_building Stable |
| 15:37 | jonny_dear · first_building Barracks |
| 16:39 | jonny_dear · first_building Archery Range |
| 16:57 | jonny_dear · age_up castle |
| 17:12 | jrOFA · age_up castle |
| 17:28 | jonny_dear · first_market_buy 100 wood |
| 17:30 | La Sainte Bifle · first_building Archery Range |
| 17:53 | Aygıt Kocaman · age_up castle |
| 19:02 | La Sainte Bifle · age_up castle |
| 19:39 | Rhum · wall_segment Palisade Wall x1 |
| 20:39 | Aygıt Kocaman · first_market_sell 100 stone |
| 20:40 | Aygıt Kocaman · first_market_buy 100 wood |
| 21:26 | Rhum · wall_segment Palisade Wall x1 |
| 21:40 | jonny_dear · first_market_sell 100 wood |
| 22:24 | İnce memed · first_market_sell 100 wood |
| 22:36 | La Sainte Bifle · first_building Siege Workshop |
| 23:04 | İnce memed · age_up castle |
| 23:08 | Rhum · age_up castle |
| 23:47 | La Sainte Bifle · first_building Castle |
| 24:09 | jrOFA · first_building Siege Workshop |
| 24:16 | Aygıt Kocaman · first_building Siege Workshop |
| 24:20 | Rhum · wall_segment Palisade Wall x1 |
| 24:22 | Rhum · wall_segment Palisade Wall x1 |
| 24:59 | İnce memed · tribute_sent a jugador 1 |
| 24:59 | İnce memed · tribute_sent a jugador 2 |
| 24:59 | İnce memed · tribute_sent a jugador 3 |
| 24:59 | İnce memed · tribute_sent a jugador 4 |
| 24:59 | İnce memed · tribute_sent a jugador 5 |
| 25:01 | jrOFA · tribute_sent a jugador 1 |
| 25:01 | jrOFA · tribute_sent a jugador 2 |
| 25:01 | jrOFA · tribute_sent a jugador 3 |
| 25:01 | jrOFA · tribute_sent a jugador 5 |
| 25:01 | jrOFA · tribute_sent a jugador 6 |
| 26:15 | La Sainte Bifle · wall_segment Stone Wall x1 |
| 26:17 | La Sainte Bifle · wall_segment Stone Wall x1 |
| 27:56 | jonny_dear · first_building Monastery |
| 29:59 | jrOFA · first_building Archery Range |
| 30:04 | jrOFA · first_building Monastery |
| 30:09 | Rhum · first_market_sell 100 stone |
| 30:25 | İnce memed · first_building Monastery |
| 31:28 | Aygıt Kocaman · first_building Castle |
| 31:41 | jonny_dear · age_up imperial |
| 32:24 | İnce memed · first_building Castle |
| 32:32 | jrOFA · first_market_buy 100 food |
| 34:16 | Rhum · first_building Castle |
| 34:25 | jrOFA · first_building Castle |
| 34:43 | İnce memed · age_up imperial |
| 36:10 | jrOFA · age_up imperial |
| 36:32 | Rhum · first_building Siege Workshop |
| 36:33 | jonny_dear · first_building Castle |
| 37:21 | Rhum · first_market_buy 100 stone |
| 39:24 | Rhum · age_up imperial |
| 40:30 | La Sainte Bifle · age_up imperial |
| 43:39 | jonny_dear · first_building Siege Workshop |
| 44:14 | jrOFA · tribute_sent a jugador 1 |
| 44:14 | jrOFA · tribute_sent a jugador 2 |
| 44:14 | jrOFA · tribute_sent a jugador 3 |
| 44:14 | jrOFA · tribute_sent a jugador 5 |
| 44:14 | jrOFA · tribute_sent a jugador 6 |
| 44:23 | Rhum · resign |
[ ANÁLISIS IA · 1 CRÉDITO ]
¿Qué pasó realmente en esta partida?
Wolo.gg analiza cada decisión: build order, eco, micro, errores típicos por bracket. Análisis personalizado por WhatsApp o Discord en 30 segundos.
Guía civ
Maya
Guía mapa
Steppe
Perfil
İnce memed